 Dungeon Crawl Stone Soup version 0.31-a0-210-gccc998df9b (webtiles) character file.

Game seed: 17994599889227043969

543001 Strat the Lord of Darkness (level 27, -2/269 HPs)
             Began as a Human Earth Elementalist on June 29, 2023.
             Was the Champion of Kikubaaqudgha.
             Killed from afar by an orb of fire (38 damage)
             ... with a bolt of fire
             ... on level 4 of the Realm of Zot on June 30, 2023.
             The game lasted 05:11:40 (76533 turns).

Strat the Lord of Darkness (HuEE)                  Turns: 76533, Time: 05:11:41

Health: -2/269     AC: 32    Str: 11    XL:     27
Magic:  42/42      EV: 18    Int: 34    God:    Kikubaaqudgha [******]
Gold:   7812       SH:  6    Dex: 13    Spells: 4/56 levels left

rFire   + . .        b - +6 spear of the Invisible Xeniums {elec, rCorr Str-2 SInv}
rCold   . . .        O - +3 buckler "Ziemn" {rElec Int+3}
rNeg    + + .        z - melded +4 robe of the Hanged Man {rC+ Regen+ Str+3 Dex-3}
rPois   ∞            (helmet restricted)
rElec   +            E - +2 cloak {rCorr}
rCorr   +            f - melded +3 pair of gloves of the Heavens {rElec rC+ Will+}
SInv    +            D - melded +2 pair of boots
Will    +++..        k - amulet of Vitality {RegenMP++ Regen++}
Stlth   ++++         a - ring of Gepsy {rPois rN+ Will+ rCorr}
HPRegen 2.24/turn    V - ring "Gyicrumn" {rF+ Str+3 Int+4 Slay+4 Stlth-}
MPRegen 1.08/turn

%: no passive effects
@: about to teleport, statue-form, very slow
A: slow and powerful, torment resistance 1, boosted hp, horns 1, clumsy 1,
deformed body, subdued magic 1, devolution 1
}: 3/15 runes: barnacled, silver, gossamer
a: End Transformation, Renounce Religion, Unearth Wretches, Torment, Brand
Weapon With Pain, Receive Forbidden Knowledge


You were on level 4 of the Realm of Zot.
You worshipped Kikubaaqudgha.
Kikubaaqudgha was exalted by your worship.
You were a living statue of rough stone.
You visited 10 branches of the dungeon, and saw 47 of its levels.

You collected 10881 gold pieces.
You spent 3069 gold pieces at shops.

Inventory:

Hand Weapons
 b - the +6 spear of the Invisible Xeniums (weapon) {elec, rCorr Str-2 SInv}
   (You found it on level 3 of the Lair of Beasts)

   Str:       It affects your strength (-2).
   SInv:      It lets you see invisible.
   rCorr:     It protects you from acid and corrosion.
 d - a +3 quick blade
Missiles
 t - 6 boomerangs of dispersal
 y - 20 curare-tipped darts
 T - 3 throwing nets
Armour
 c - a +2 pair of gloves of dexterity
 f - the +3 pair of gloves of the Heavens (melded) {rElec rC+ Will+}
   (You found it on level 5 of the Lair of Beasts)

   rC:        It protects you from cold.
   rElec:     It insulates you from electricity.
   Will:      It increases your willpower.
 w - the +3 pair of seven-league boots {Rampage+∞}
   (You found it on level 5 of the Vaults)

   Rampage+∞: When moving toward enemies, its wearer moves as far as possible,
   alerting their target en route.
 z - the +4 robe of the Hanged Man (melded) {rC+ Regen+ Str+3 Dex-3}
   (You found it on level 1 of the Lair of Beasts)

   Str:       It affects your strength (+3).
   Dex:       It affects your dexterity (-3).
   rC:        It protects you from cold.
   Regen:     It increases your rate of health regeneration.
 D - a +2 pair of boots (melded)
 E - a +2 cloak of preservation (worn)
 F - the +0 helmet "Roiwk" {rC+ Regen+}
   (You bought it in a shop on level 11 of the Dungeon)

   rC:        It protects you from cold.
   Regen:     It increases your rate of health regeneration.
 O - the +3 buckler "Ziemn" (worn) {rElec Int+3}
   (You found it on level 14 of the Dungeon)

   Int:       It affects your intelligence (+3).
   rElec:     It insulates you from electricity.
Jewellery
 a - the ring of Gepsy (left fist) {rPois rN+ Will+ rCorr}
   (You found it on level 3 of the Crypt)

   [ring of positive energy]

   rPois:     It protects you from poison.
   rN:        It protects you from negative energy.
   rCorr:     It protects you from acid and corrosion.
   Will:      It increases your willpower.
 k - the amulet of Vitality (around neck) {RegenMP++ Regen++}
   (You found it on level 3 of the Crypt)

   [amulet of magic regeneration]

   It increases your rate of magic regeneration.
   Regen:     It increases your rate of health regeneration.
 m - a +5 ring of evasion
 p - a +4 ring of protection
 x - a ring of wizardry
 J - the ring of Generosity {rElec SInv}
   (You found it on level 3 of the Depths)

   [ring of see invisible]

   rElec:     It insulates you from electricity.
   SInv:      It lets you see invisible.
 R - the ring "Miana" {Fire +Blink}
   (You found it on level 15 of the Dungeon)

   [ring of fire]

   It enhances your fire magic.
   rF:        It protects you from fire.
   rC:        It makes you vulnerable to cold.
   +Blink:    It lets you blink.
 V - the ring "Gyicrumn" (right fist) {rF+ Str+3 Int+4 Slay+4 Stlth-}
   (You took it off a tengu conjurer on level 15 of the Dungeon)

   [ring of slaying]

   Str:       It affects your strength (+3).
   Int:       It affects your intelligence (+4).
   Slay:      It affects your accuracy & damage with ranged weapons and melee
   (+4).
   rF:        It protects you from fire.
   Stlth:     It makes you less stealthy.
Wands
 r - a wand of digging (7)
 v - a wand of polymorph (19)
 B - a wand of roots (37)
 I - a wand of flame (65)
 Q - a wand of light (8)
 S - a wand of charming (36)
 U - a wand of mindburst (5)
Scrolls
 g - 21 scrolls of teleportation
 i - a scroll of silence
 G - 39 scrolls of identify
 K - 6 scrolls of fog
 N - 3 scrolls of enchant armour
 W - a scroll of revelation
 X - 2 scrolls of brand weapon
 Z - 3 scrolls of fear
Potions
 e - 4 potions of berserk rage
 h - 3 potions of resistance
 l - 4 potions of lignification
 n - 11 potions of might
 o - 14 potions of curing
 s - 5 potions of enlightenment
 u - 8 potions of ambrosia
 A - 5 potions of haste
 C - 6 potions of cancellation
 H - 8 potions of mutation
 M - 7 potions of brilliance
Miscellaneous
 L - a sack of spiders
 P - a phantom mirror


   Skills:
 - Level 15.0 Fighting
 - Level 12.0 Polearms
 - Level 15.0 Dodging
 + Level 12.4 Stealth
 - Level 15.0 Spellcasting
 - Level 15.0 Conjurations
 + Level 14.2 Hexes
 - Level 15.0 Necromancy
 - Level 15.0 Transmutations
 - Level 15.0 Earth Magic
 - Level 15.0 Evocations


You had 4 spell levels left.
You knew the following spells:

 Your Spells              Type           Power      Damage    Failure   Level
a - Necromutation         Tmut/Necr      39%        N/A       28%         8
b - Stone Arrow           Conj/Erth      100%       3d13      0%          3
c - Yara's Violent Unrav  Hex/Tmut       38%        3d15      1%          5
d - Petrify               Tmut/Erth      78%        N/A       1%          4
e - Animate Dead          Necr           78%        N/A       1%          4
f - Anguish               Hex/Necr       38%        N/A       1%          4
g - Passwall              Tmut/Erth      65%        N/A       0%          2
h - Borgnjor's Vile Clut  Necr/Erth      39%        N/A       1%          5
i - Statue Form           Tmut/Erth      52%        N/A       1%          6
j - Irradiate             Conj/Tmut      39%        3d24      1%          5
k - Leda's Unmaking       Conj/Erth      39%        9d7       1%          6

Your spell library contained the following spells:

 Spells                   Type           Power      Damage    Failure   Level
 Kiss of Death            Conj/Necr      100%       2d13      0%          1
 Necrotise                Necr           100%       1d9       0%          1
 Sandblast                Erth           100%       2d20      0%          1
 Slow                     Hex            100%       N/A       0%          1
 Sublimation of Blood     Necr           78%        N/A       0%          2
 Wereblood                Tmut           78%        N/A       0%          2
 Confusing Touch          Hex            76%        N/A       0%          3
 Dazzling Flash           Conj/Hex       100%       N/A       0%          3
 Tukima's Dance           Hex            76%        N/A       0%          3
 Vampiric Draining        Necr           78%        2d11      0%          3
 Foxfire                  Conj/Fire      100%       2x1d9     1%          1
 Freeze                   Ice            76%        1d8       1%          1
 Sting                    Tmut/Pois      100%       1d8       1%          1
 Summon Small Mammal      Summ           76%        N/A       1%          1
 Cigotuvi's Dreadful Rot  Necr/Pois/Air  90%        N/A       1%          2
 Static Discharge         Conj/Air       100%       2-7/arc   1%          2
 Hailstorm                Conj/Ice       56%        3d12      1%          3
 Ignite Poison            Fire/Tmut/Pois 45%        N/A       1%          3
 Portal Projectile        Hex/Tloc       100%       N/A       1%          3
 Summon Guardian Golem    Hex/Summ       54%        N/A       1%          3
 Cause Fear               Hex            38%        N/A       1%          4
 Dispel Undead            Necr           78%        3d26      1%          4
 Flame Wave               Conj/Fire      56%        2d13      1%          4
 Leda's Liquefaction      Hex/Erth       38%        N/A       1%          4
 Sticky Flame             Conj/Fire      56%        2d7       1%          4
 Poisonous Vapours        Pois/Air       38%        N/A       2%          2
 Scorch                   Fire           38%        2d6       2%          2
 Call Canine Familiar     Summ           19%        N/A       5%          3
 Frozen Ramparts          Ice            38%        1d6       5%          3
 Ozocubu's Armour         Ice            19%        N/A       5%          3
 Vhi's Electric Charge    Tloc/Air       38%        N/A       5%          3
 Manifold Assault         Tloc           19%        N/A       19%         4
 Olgreb's Toxic Radiance  Pois           19%        N/A       19%         4
 Passage of Golubria      Tloc           19%        N/A       19%         4
 Agony                    Necr           78%        N/A       1%          5
 Blade Hands              Tmut           39%        N/A       1%          5
 Lee's Rapid Deconstruct  Erth           39%        3d19*     1%          5
 Death Channel            Necr           39%        N/A       1%          6
 Arcjolt                  Conj/Air       28%        1d38      2%          5
 Fireball                 Conj/Fire      28%        3d12      2%          5
 Metabolic Englaciation   Hex/Ice        27%        N/A       2%          5
 Silence                  Hex/Air        27%        N/A       2%          5
 Orb of Destruction       Conj           39%        9d11      3%          7
 Enfeeble                 Hex            38%        N/A       4%          7
 Freezing Cloud           Conj/Ice/Air   22%        6-21      7%          5
 Eringya's Noxious Bog    Tmut/Pois      28%        N/A       13%         6
 Simulacrum               Ice/Necr       28%        N/A       13%         6
 Starburst                Conj/Fire      28%        6d9       13%         6
 Borgnjor's Revivificati  Necr           39%        N/A       28%         8
 Infestation              Necr           39%        N/A       28%         8
 Haunt                    Necr/Summ      28%        N/A       61%         7
 Spellforged Servitor     Conj/Summ      28%        N/A       61%         7
 Dispersal                Tloc           9%         N/A       97%         6
 Plasma Beam              Fire/Air       9%         2x1d20    97%         6
 Summon Cactus Giant      Summ           9%         N/A       97%         6
 Death's Door             Necr           39%        N/A       99%         9
 Malign Gateway           Summ/Tloc      9%         N/A       100%        7
 Summon Hydra             Summ           9%         N/A       100%        7
 Disjunction              Tloc           9%         N/A       100%        8
 Fire Storm               Conj/Fire      28%        8d7       100%        9


Dungeon Overview and Level Annotations

Branches:
Dungeon (15/15)            Temple (1/1) D:5            Lair (5/5) D:9
 Shoals (4/4) Lair:3       Spider (4/4) Lair:3        Slime (0/5) Lair:4
    Orc (2/2) D:11            Elf (0/3) Orc:2        Vaults (5/5) D:13
  Crypt (3/3) Vaults:3       Tomb (0/3) Crypt:3      Depths (4/4) D:15
    Zot (4/5) Depths:4

Altars:
Ashenzari
Cheibriados
Dithmenos
Elyvilon
Fedhas
Gozag
Hepliaklqana
Kikubaaqudgha
Makhleb
Nemelex Xobeh
Okawaru
Qazlal
Ru
Sif Muna
Trog
Uskayaw
Vehumet
Wu Jian
Xom
Yredelemnul
Zin
The Shining One

Shops:
D:4 =   D:6 =   D:9 *   D:11 [   D:15 :[(   Orc:2 !(**   Vaults:3 *
Vaults:4 [:[(   Depths:1 ::=   Depths:4 *

Portals:
Hell: Depths:1 Depths:2 Depths:3 Depths:4
Abyss: Depths:1 Depths:3 Depths:4
Pandemonium: Depths:2
Ziggurat: Depths:1
Trove: Vaults:4 (give +4 shadow dragon scales)

Annotations:
D:2 Natasha
D:8 exclusion: ice statue
D:11 1 runed translucent door
D:13 2 transporters, 3 runed translucent doors, 1 exclusion, Rupert; Tuedos's ghost, journeyman BaGl
D:15 2 transporters
Lair:4 1 runed translucent door
Spider:2 2 transporters, Pesouf's ghost, adept MfHs


Innate Abilities, Weirdness & Mutations

You are a living statue of rough stone.
Your actions are slow, but your melee attacks are powerful.
You are resistant to unholy torment.
Your maximum health is greatly increased.
You are immune to poison.
Your equipment is partially melded.
You have a pair of small horns on your head.
You are clumsy. (Dex -2)
Armour fits poorly on your strangely shaped body.
Your spells are a little easier to cast, but a little less powerful.
You have hidden genetic defects.


Message History

The orb of fire glows yellow.
The bolt of fire hits you!! You resist.
* * * LOW HITPOINT WARNING * * *
The storm dragon bites you!
* * * LOW HITPOINT WARNING * * *
The storm dragon misses you. You block the storm dragon's attack.
The orb of fire glows bright magenta.
The bolt of fire hits you but does no damage.
You block the storm dragon's attack. The storm dragon completely misses you.
The storm dragon barely misses you.
A golden dragon comes into view.
The storm dragon attacks as you move away!
The storm dragon barely misses you. You block the storm dragon's attack.
The storm dragon tramples you but does no damage.
The golden dragon attacks as you move away!
The golden dragon barely misses you. The golden dragon misses you.
The golden dragon tramples you but does no damage.
The storm dragon bites you.
* * * LOW HITPOINT WARNING * * *
The storm dragon completely misses you. The storm dragon misses you.
The golden dragon breathes cold at you.
The bolt of cold hits the storm dragon!
The storm dragon resists.
The bolt of cold hits you but does no damage.
You hear a deafening roar! x2
You feel better.
The storm dragon breathes lightning at you.
The bolt of lightning hits you! You resist.
* * * LOW HITPOINT WARNING * * *
You hear a chilling moan.
You hear a deafening roar! x2
You feel better.
The storm dragon breathes lightning at you.
The bolt of lightning misses the orb of fire.
The bolt of lightning misses you.
The bolt of lightning hits you but does no damage.
A death cob comes into view.
You hear a deafening roar!
You hear a roar!
You hear a deafening roar!
The orb of fire glows deep purple.
The bolt of fire hits you!!! You resist.
You die...
Kikubaaqudgha rasps: "You have failed me!
Welcome... oblivion!"

##.##...#
#.#.#...#
#..#.$..#
#...##z..#
#..###...#
#..##..<.##
...#..D*#.##
...##..D#.#.#
...##...###8##
....*...# ##.#
....# #.# ...#
#.# ##D.# #.#
##D.# #.#
##*.# ##
##Dd## #<.##


You could see an orb of fire, a storm dragon (catching breath) and a death cob.

Vanquished Creatures
  A dread lich (Vaults:4)
  An ancient lich (Crypt:3)
  Mara (Depths:2)
  2 juggernauts (Depths:3)
  Margery (Depths:4)
  2 Killer Klowns
  Xtahua (Depths:3)
  2 caustic shrikes
  6 golden dragons
  A bone dragon (Depths:4)
  Jory (Crypt:1)
  2 doom hounds
  5 tentacled monstrosities
  6 liches
  A walking crystal tome (Depths:2)
  2 walking earthen tomes (Depths:3)
  5 titans
  Grunn (Zot:2)
  2 quicksilver dragons
  2 ancient champions
  3 death cobs
  7 sphinxes
  Kirke (D:15)
  5 shadow dragons
  7 tengu reavers
  7 storm dragons
  2 draconian monks
  3 fire giants (Depths:3)
  Ilsuiw (Shoals:2)
  2 revenants (Crypt:3)
  A deep elf sorcerer (Depths:3)
  13 vault wardens
  5 emperor scorpions
  4 draconian shifters
  2 iron dragons (Depths:4)
  A balrug (Depths:4)
  2 draconian stormcallers (Zot:2)
  A spectral caustic shrike (Crypt:3)
  2 draconian scorchers (Zot:3)
  Louise (D:14)
  5 ghost moths
  An orc warlord (Orc:2)
  A curse skull (Crypt:3)
  8 frost giants
  3 ghouls
  4 very ugly things
  4 formless jellyfish
  2 broodmothers
  2 draconian annihilators
  21 ironbound preservers
  A war gargoyle (Vaults:5)
  A spriggan defender (Depths:3)
  11 stone giants
  7 ironbound thunderhulks
  A rockslime zombie (Crypt:3)
  6 green draconians
  7 black draconians
  5 white draconians
  6 spark wasps
  2 deep elf demonologists (Vaults:5)
  6 dire elephants
  7 vampire knights
  3 yellow draconians (Zot:1)
  A purple draconian (Depths:4)
  3 red draconians
  8 eidola
  6 merfolk impalers
  A deep elf death mage (Crypt:1)
  13 ettins
  4 merfolk javelineers
  A spectral quicksilver dragon (Crypt:3)
  2 entropy weavers
  4 fire dragons
  3 deep elf high priests
  2 jiangshi (Crypt:3)
  12 yaktaur captains
  A spectral spriggan (Crypt:3)
  6 great orbs of eyes
  4 hydras
  31 vault guards
  A rakshasa (D:15)
  An ogre mage (Vaults:5)
  2 ironbound frosthearts
  A ghost crab (Spider:4)
  2 merfolk avatars
  A catoblepas (Lair:5)
  2 jorogumos
  8 spriggan air magi
  A peacekeeper (Vaults:4)
  A radroach (shapeshifter) (Vaults:5)
  4 ice dragons
  2 radroaches
  17 centaur warriors
  6 boulder beetles
  3 death knights
  8 two-headed ogres
  A dancing weapon (Vaults:4)
  9 tengu warriors
  3 alligator snapping turtles
  4 merfolk aquamancers
  8 deep troll earth magi
  6 demonic crawlers
  A boulder beetle (shapeshifter) (D:13)
  6 orc high priests
  4 satyrs
  4 deep troll shamans
  10 spriggan berserkers
  2 vampire magi (Crypt:3)
  A spectral dire elephant (Crypt:3)
  Urug (Lair:4)
  4 death yaks
  19 hell knights
  Sonja (Lair:1)
  5 soul eaters
  3 sun demons (Depths:4)
  A fire crab (shapeshifter) (Vaults:5)
  3 skysharks
  A fire crab (D:15)
  7 iron trolls
  3 deep elf knights
  15 shadow wraiths
  12 skeletal warriors
  A goliath frog (shapeshifter) (D:14)
  6 pharaoh ants
  5 sea snakes
  35 deep trolls
  5 flayed ghosts
  A spectral anaconda (Crypt:3)
  A death drake (shapeshifter) (Vaults:5)
  6 orb spiders
  A deep elf archer (Vaults:4)
  3 glowing orange brains
  2 bog bodies (Crypt:1)
  2 shadow dragon zombies
  A lindwurm (shapeshifter) (Vaults:5)
  14 wizards
  31 harpies
  16 ironbound convokers
  12 lindwurms
  6 deep elf pyromancers
  10 necromancers
  2 spriggan simulacra
  26 phantasmal warriors
  6 orc knights
  3 deep elf zephyrmancers
  A wolf spider zombie (D:13)
  A stone giant zombie (Crypt:2)
  2 tengu skeletons
  2 cyclopes (shapeshifter) (Vaults:4)
  9 orc sorcerers
  An oklob plant (Lair:2)
  7 steelbarb worms
  21 fauns
  22 wolf spiders
  27 ugly things
  10 cyclopes
  A frost giant zombie (Depths:3)
  2 spectral centaurs (Crypt:3)
  7 moths of wrath
  A salamander (Depths:4)
  A sphinx skeleton (Crypt:3)
  10 manticores
  Joseph (D:7)
  3 black mambas
  6 merfolk sirens
  4 centaur zombies (D:13)
  12 elephants
  A black mamba (shapeshifter) (D:13)
  7 vault sentinels
  3 water nymphs
  4 torpor snails
  5 cane toads
  8 komodo dragons
  12 freezing wraiths
  26 yaktaurs
  4 kobold demonologists
  8 tengu conjurers
  An unseen horror (D:11)
  3 efreet
  A red devil (Depths:2)
  A spectral harpy (Crypt:3)
  A queen bee (D:13)
  7 trolls
  2 merfolk (shapeshifter)
  6 meliai
  21 merfolk
  4 polar bears
  27 tarantellas
  7 wind drakes
  10 hornets
  5 tyrant leeches (Spider:4)
  5 blink frogs (Lair:5)
  A tyrant leech (shapeshifter) (Depths:3)
  A dream sheep (shapeshifter) (Vaults:4)
  5 snapping turtles
  A meliai zombie (D:13)
  30 slime creatures
  4 dream sheep (Shoals:2)
  9 flying skulls (Crypt:3)
  A jumping spider (shapeshifter) (Depths:2)
  A centaur simulacrum (D:14)
  Sigmund (D:4)
  An alligator skeleton (Crypt:3)
  18 culicivoras
  16 wraiths
  28 jumping spiders
  9 shadows
  5 basilisks
  23 yaks
  7 water elementals
  7 spriggans (Depths:4)
  5 wyverns
  4 fire bats (D:11)
  44 redbacks
  A hog (D:15)
  7 wargs (Orc:2)
  A steam dragon (shapeshifter) (D:15)
  2 steam dragons
  16 vampire mosquitoes
  A demonspawn zombie (Crypt:1)
  A naga zombie (Crypt:2)
  13 water moccasins
  A hell hound (D:11)
  2 acid dragons
  A floating eye (shapeshifter) (Vaults:5)
  45 orc warriors
  2 floating eyes (D:15)
  A naga skeleton (Crypt:2)
  3 black bears
  An ice beast (D:6)
  A cane toad skeleton (Crypt:3)
  A sky beast (D:6)
  3 boggarts
  5 centaurs
  A snapping turtle skeleton (Crypt:3)
  11 ogres
  6 wolves
  6 kobold brigands
  Blork the orc (D:6)
  8 bullfrogs
  3 gnoll sergeants (D:9)
  A scorpion (D:5)
  3 necrophages
  9 wights
  20 killer bees
  5 spriggan skeletons (D:12)
  5 electric eels
  5 howler monkeys
  A troll skeleton (D:12)
  8 hounds
  2 lava snakes (D:11)
  A basilisk zombie (Crypt:3)
  4 jellies
  A gnoll bouda (Orc:1)
  23 orc priests
  4 iguanas
  A boggart zombie (D:13)
  Natasha (twice) (D:2)
  11 orc wizards
  15 gnolls
  4 adders
  2 white imps (D:7)
  2 ufetubi
  A worm (D:2)
  6 dart slugs
  86 orcs
  6 bats
  8 endoplasms
  3 giant cockroaches
  7 goblins
  5 hobgoblins
  9 jackals
  3 quokkas
  13 ball pythons
  A frilled lizard (D:2)
  A jackal zombie (Crypt:2)
  43 kobolds
  9 rats
  A rat zombie (Crypt:3)
  2 fire vortices
1748 creatures vanquished.

Vanquished Creatures (collateral kills)
  A walking divine tome (Depths:2)
  A ghost moth (Spider:4)
  3 vault wardens
  A stone giant (Depths:1)
  3 ironbound preservers
  4 ironbound thunderhulks
  3 spark wasps
  3 dire elephants
  2 merfolk impalers (Shoals:4)
  A great orb of eyes (Vaults:1)
  A yaktaur captain (Vaults:1)
  2 ice dragons
  A catoblepas (Lair:5)
  2 ironbound frosthearts (Vaults:1)
  2 two-headed ogres
  2 merfolk avatars
  A radroach (Spider:4)
  2 merfolk aquamancers
  A boulder beetle (Spider:1)
  A tengu warrior (D:15)
  3 satyrs
  4 death yaks
  4 centaur warriors
  2 deep troll shamans
  A deep troll earth mage (Depths:1)
  2 hell knights
  A pharaoh ant (Spider:3)
  2 iron trolls (Depths:1)
  2 skysharks
  2 sun demons (Depths:2)
  A sun moth (Spider:3)
  9 deep trolls
  8 orb spiders
  2 sea snakes (Shoals:4)
  2 lindwurms (Vaults:1)
  2 ironbound convokers
  2 wizards (Vaults:3)
  16 harpies
  A steelbarb worm (Spider:1)
  7 wolf spiders
  9 ugly things
  2 cyclopes
  A merfolk siren (Shoals:2)
  12 elephants
  6 fauns
  2 manticores
  4 moths of wrath
  2 water nymphs (Shoals:4)
  A molten gargoyle (Depths:1)
  3 vault sentinels
  3 cane toads
  A hellion (Depths:2)
  5 komodo dragons
  4 yaktaurs
  A redback zombie (Spider:1)
  8 merfolk
  2 trolls (Orc:2)
  2 wind drakes
  8 tarantellas
  4 blink frogs (Lair:5)
  A polar bear (Lair:1)
  A moth of wrath zombie (Spider:1)
  4 snapping turtles
  A snapping turtle (shapeshifter) (Vaults:4)
  15 jumping spiders
  15 slime creatures
  8 culicivoras
  A shadow (D:10)
  14 yaks
  A wraith (D:11)
  6 water elementals
  2 vampire mosquitoes (D:11)
  17 redbacks
  2 water moccasins
  4 orc warriors
  2 boggarts (Vaults:2)
  13 wolves
  A centaur (D:10)
  2 kobold brigands
  A wight (D:9)
  A killer bee (D:10)
  A howler monkey (D:14)
  4 orc priests (Orc:2)
  3 gnolls (D:9)
  11 orcs (Orc:2)
  8 kobolds
  A fire vortex (D:11)
330 creatures vanquished.

Vanquished Creatures (others)
  2 ironbound thunderhulks
  A white draconian (Zot:3)
  A deep elf annihilator (Vaults:5)
  3 very ugly thing zombies
  A centaur warrior (Vaults:2)
  A deep troll earth mage (Vaults:3)
  A ghost moth zombie (Spider:4)
  3 spark wasp zombies
  An iron troll (Depths:1)
  5 deep trolls
  An ironbound convoker (Vaults:5)
  A lindwurm (Vaults:1)
  8 wolf spider zombies
  A sphinx zombie (Vaults:4)
  A jorogumo zombie (Spider:1)
  12 ugly thing zombies
  An ugly thing (Vaults:3)
  A stone giant zombie (Depths:1)
  A faun (Shoals:3)
  6 dire elephant zombies
  An alligator snapping turtle zombie (Shoals:3)
  2 vault sentinels (Vaults:1)
  A yaktaur (Vaults:4)
  2 death yak zombies (Lair:4)
  12 redback zombies
  A steelbarb worm zombie (Spider:1)
  A sea snake zombie (Shoals:4)
  22 human zombies
  An iron troll zombie (Depths:1)
  3 orb spider zombies
  A catoblepas zombie (Lair:5)
  A merfolk (Shoals:3)
  20 harpy zombies
  A demonic crawler zombie (Spider:4)
  2 ice dragon zombies
  An ettin zombie (D:15)
  A tarantella (Spider:3)
  2 moth of wrath zombies
  A sun moth zombie (Spider:3)
  2 satyr zombies
  4 spriggan zombies
  11 tarantella zombies
  9 culicivora zombies
  14 jumping spider zombies
  A slime creature (D:14)
  A culicivora (Spider:3)
  8 slime creature zombies
  A black mamba zombie (Lair:1)
  A human (D:15)
  A hog (D:15)
  A redback (Spider:4)
  3 fire bat zombies (D:11)
  4 faun zombies (Shoals:4)
  10 merfolk zombies
  A skyshark zombie (Shoals:2)
  A water nymph zombie (Shoals:4)
  A cane toad zombie (Lair:1)
  A two-headed ogre zombie (D:11)
  2 tengu zombies
  16 deep troll zombies
  A floating eye (shapeshifter) (D:14)
  A hornet zombie (Depths:4)
  2 manticore zombies (Shoals:4)
  2 snapping turtle zombies
  6 elephant zombies
  3 blink frog zombies (Lair:5)
  A boggart (Vaults:2)
  A torpor snail zombie (Spider:1)
  A komodo dragon zombie (D:11)
  3 vampire mosquito zombies
  8 yaktaur zombies
  A cyclops zombie (D:11)
  A warg zombie (Orc:2)
  26 yak zombies
  A troll zombie (Orc:2)
  A bullfrog zombie (Lair:4)
  6 centaur zombies
  3 killer bee zombies (D:10)
  2 ogre zombies (Orc:2)
  A hound zombie (D:9)
  10 gnoll zombies (D:9)
  7 kobold zombies (D:9)
  50 orc zombies
359 creatures vanquished.

Grand Total: 2437 creatures vanquished

Notes
Turn   | Place    | Note
-------+----------+-------------------------------------------
     0 | D:1      | Strat the Human Earth Elementalist began the quest for the
                  | Orb.
     0 | D:1      | Reached XP level 1. HP: 13/13 MP: 3/3
   223 | D:1      | Reached XP level 2. HP: 19/19 MP: 3/5
   587 | D:1      | Reached XP level 3. HP: 24/24 MP: 4/6
   755 | D:1      | Learned a level 3 spell: Stone Arrow
  1427 | D:2      | Found a faded altar of an unknown god.
  1442 | D:2      | Reached XP level 4. HP: 30/30 MP: 4/7
  1719 | D:2      | Noticed Natasha
  1738 | D:2      | Killed Natasha
  1739 | D:2      | Reached skill level 5 in Earth Magic
  1743 | D:2      | Noticed Natasha
  1809 | D:2      | Killed Natasha
  1810 | D:2      | Reached XP level 5. HP: 26/35 MP: 3/8
  1836 | D:2      | Noticed Natasha
  3195 | D:4      | Noticed a black bear
  3618 | D:4      | Found Zomna Jui's Jewellery Emporium.
  3659 | D:4      | Reached skill level 1 in Conjurations
  3659 | D:4      | Reached XP level 6. HP: 36/41 MP: 5/9
  3797 | D:4      | Noticed Sigmund
  4009 | D:5      | Entered Level 5 of the Dungeon
  4211 | D:5      | Reached XP level 7. HP: 45/46 MP: 2/10
  4386 | D:5      | Found a staircase to the Ecumenical Temple.
  4392 | Temple   | Entered the Ecumenical Temple
  4693 | Temple   | Became a worshipper of Kikubaaqudgha
  4882 | D:5      | Found a stormy altar of Qazlal.
  4895 | D:5      | Found a sparkling altar of Nemelex Xobeh.
  5033 | D:5      | Found a glowing silver altar of Zin.
  5048 | D:5      | Found a shimmering blue altar of Sif Muna.
  5979 | D:6      | Noticed a water moccasin
  5983 | D:6      | Killed a water moccasin
  5984 | D:6      | Reached XP level 8. HP: 52/52 MP: 8/14
  6252 | D:6      | Noticed Blork the orc
  6255 | D:6      | Killed Blork the orc
  6587 | D:6      | Reached skill level 5 in Spellcasting
  6634 | D:6      | Learned a level 5 spell: Agony
  6639 | D:6      | Learned a level 4 spell: Petrify
  6698 | D:6      | Reached skill level 1 in Fighting
  6829 | D:6      | Reached skill level 1 in Necromancy
  6921 | D:6      | Found Qautim's One-of-a-Kind Rings.
  7228 | D:6      | Reached XP level 9. HP: 61/61 MP: 13/17
  7531 | D:7      | Noticed Joseph
  7733 | D:7      | Killed Joseph
  8309 | D:7      | Reached * piety under Kikubaaqudgha
  8309 | D:7      | Received a gift from Kikubaaqudgha
  8370 | D:7      | Learned a level 4 spell: Animate Dead
  9031 | D:8      | Noticed an ice statue
  9055 | D:8      | Reached XP level 10. HP: 73/73 MP: 11/20
  9152 | D:8      | Found a blossoming altar of Fedhas.
  9253 | D:8      | Reached skill level 5 in Fighting
  9253 | D:8      | Reached skill level 5 in Necromancy
  9849 | D:8      | Identified a scroll of acquirement
  9849 | D:8      | Acquired 1253 gold pieces
 10083 | D:6      | Bought the ring "Doha" {rElec Int+6 Dex+3} for 731 gold
                  | pieces
 10336 | D:9      | Noticed a two-headed ogre
 10398 | D:9      | Killed a two-headed ogre
 10398 | D:9      | Reached ** piety under Kikubaaqudgha
 11130 | D:9      | Found a staircase to the Lair.
 11134 | Lair:1   | Entered Level 1 of the Lair of Beasts
 11241 | Lair:1   | Noticed a cane toad
 11298 | Lair:1   | Killed a cane toad
 11326 | Lair:1   | Noticed a black mamba
 11338 | Lair:1   | Killed a black mamba
 11339 | Lair:1   | Reached skill level 5 in Dodging
 11348 | Lair:1   | Reached XP level 11. HP: 72/79 MP: 6/23
 11528 | Lair:1   | Noticed Sonja
 11543 | Lair:1   | Killed Sonja
 11612 | Lair:1   | Learned a level 1 spell: Necrotise
 11615 | Lair:1   | Learned a level 2 spell: Passwall
 11637 | Lair:1   | Noticed a wolf spider
 11637 | Lair:1   | Noticed a wolf spider
 11654 | Lair:1   | Killed a wolf spider
 11661 | Lair:1   | Killed a wolf spider
 11774 | Lair:1   | Identified the +4 robe of the Hanged Man {rC+ Regen+ Str+3
                  | Dex-3}
 12598 | Lair:2   | Noticed an elephant
 12609 | Lair:2   | Reached skill level 10 in Spellcasting
 12739 | Lair:2   | Killed an elephant
 12821 | Lair:2   | Noticed an elephant
 12868 | Lair:2   | Noticed an elephant
 12870 | Lair:2   | Noticed an elephant
 12876 | Lair:2   | Noticed an elephant
 12877 | Lair:2   | Noticed an elephant
 12881 | Lair:2   | Killed an elephant
 12882 | Lair:2   | Reached XP level 12. HP: 87/87 MP: 8/26
 13101 | D:9      | Reached *** piety under Kikubaaqudgha
 13101 | D:9      | Received a gift from Kikubaaqudgha
 13162 | D:9      | Learned a level 5 spell: Borgnjor's Vile Clutch
 13620 | D:9      | Reached skill level 10 in Necromancy
 13998 | D:9      | Found Jisoap's Assorted Antiques.
 14003 | D:9      | Bought a scroll of blinking for 157 gold pieces
 14120 | D:10     | Entered Level 10 of the Dungeon
 14324 | D:10     | Reached **** piety under Kikubaaqudgha
 14820 | D:10     | Noticed a boulder beetle
 14881 | D:10     | Killed a boulder beetle
 15582 | D:11     | Noticed a two-headed ogre
 15597 | D:11     | Killed a two-headed ogre
 15926 | D:11     | Reached XP level 13. HP: 79/96 MP: 27/27
 15934 | D:11     | Found Ifiur's Antique Armour Shoppe.
 15946 | D:11     | Bought a translucent helmet for 285 gold pieces
 15946 | D:11     | Identified the +0 helmet "Roiwk" {rC+ Regen+} (You bought
                  | it in a shop on level 11 of the Dungeon)
 16255 | D:11     | Found a runed translucent door.
 16371 | D:11     | Found a staircase to the Orcish Mines.
 17665 | Lair:3   | Found a hole to the Spider Nest.
 17931 | Lair:3   | Identified the +6 spear of the Invisible Xeniums {elec,
                  | rCorr Str-2 SInv}
 18476 | Lair:3   | Found a staircase to the Shoals.
 18942 | Lair:4   | Noticed Urug
 18954 | Lair:4   | Killed Urug
 19167 | Lair:4   | Reached skill level 10 in Earth Magic
 19300 | Lair:4   | Your ally Urug died
 19371 | Lair:4   | Reached ***** piety under Kikubaaqudgha
 19513 | Lair:4   | Reached XP level 14. HP: 106/106 MP: 29/29
 19610 | Lair:4   | Found a runed translucent door.
 19611 | Lair:4   | Found a staircase to the Slime Pits.
 19886 | Lair:5   | Entered Level 5 of the Lair of Beasts
 20110 | Lair:5   | Learned a level 6 spell: Statue Form
 21203 | Lair:5   | Identified the +3 pair of gloves of the Heavens {rElec rC+
                  | Will+}
 23468 | D:12     | Reached XP level 15. HP: 115/115 MP: 10/31
 24032 | Orc:1    | Entered Level 1 of the Orcish Mines
 24240 | Orc:1    | Reached skill level 10 in Fighting
 24299 | Orc:2    | Entered Level 2 of the Orcish Mines
 24398 | Orc:2    | Reached ****** piety under Kikubaaqudgha
 24804 | Orc:1    | Reached skill level 5 in Transmutations
 25974 | Orc:2    | Noticed an orc warlord
 26111 | Orc:2    | Identified the ring of the Princess {rElec rC+ rN+}
 26205 | Orc:2    | Killed an orc warlord
 26379 | Orc:2    | Found Tosaiha's General Store.
 26390 | Orc:2    | Bought a scroll of blinking for 82 gold pieces
 26390 | Orc:2    | Bought a scroll of blinking for 82 gold pieces
 26441 | Orc:2    | Found Pivviet's General Store.
 27174 | Orc:2    | Found a staircase to the Elven Halls.
 27611 | Orc:2    | Found Myott's Weapon Emporium.
 27622 | Orc:2    | Found Zunufy's Distillery.
 27792 | Orc:2    | Bought a potion of heal wounds for 70 gold pieces
 27792 | Orc:2    | Bought a potion of heal wounds for 70 gold pieces
 27792 | Orc:2    | Bought a potion of magic for 112 gold pieces
 28173 | D:13     | Found a transporter.
 28202 | D:13     | Reached skill level 15 in Necromancy
 28488 | D:13     | Noticed Rupert
 28507 | D:13     | Found a transporter.
 29335 | D:13     | Reached XP level 16. HP: 122/122 MP: 26/32
 30515 | D:13     | Acquired 1051 gold pieces
 30693 | D:13     | Found a gate to the Vaults.
 30783 | D:13     | Identified the +11 chain mail "Cokoasos" {rF+ Will- SInv}
 30830 | D:13     | Found a runed translucent gate.
 30830 | D:13     | Noticed Tuedos's ghost (journeyman BaGl)
 30832 | D:13     | Found a runed translucent gate.
 30852 | D:13     | Found a runed translucent gate.
 31640 | D:14     | Identified the staff "Estresyo" {rC+ Conj}
 32177 | D:14     | Noticed Louise
 32215 | D:14     | Killed Louise
 32870 | D:14     | Identified the +3 buckler "Ziemn" {rElec Int+3}
 33568 | D:15     | Entered Level 15 of the Dungeon
 33682 | D:15     | Identified the ring "Hiul" {Fire rElec Str+2 Int+3 Dex+2}
 34185 | D:15     | Paralysed by a floating eye for 2 turns
 34295 | D:15     | Found a transporter.
 34323 | D:15     | Reached skill level 10 in Dodging
 34408 | D:15     | Noticed a frost giant
 34427 | D:15     | Killed a frost giant
 34428 | D:15     | Reached XP level 17. HP: 121/128 MP: 21/34
 34823 | D:15     | Reached XP level 18. HP: 134/134 MP: 34/36
 34840 | D:15     | Learned a level 8 spell: Necromutation
 35164 | D:15     | Found Ykhiuj's Armour Shop.
 35188 | D:15     | Acquired Strat's Anthology of Maleficent Mysteries and
                  | Apparitions
 35425 | D:15     | Reached skill level 10 in Transmutations
 35466 | D:15     | Found Waadywots's Weapon Boutique.
 35675 | D:15     | Identified the ring "Miana" {Fire +Blink}
 35890 | D:15     | Noticed Kirke
 35903 | D:15     | Killed Kirke
 36026 | D:15     | Found a transporter.
 36426 | D:15     | Found Cegiogho's Book Boutique.
 36663 | D:15     | Found a staircase to the Depths.
 36758 | D:15     | Identified the ring "Gyicrumn" {rF+ Str+3 Int+4 Slay+4
                  | Stlth-}
 37056 | Shoals:1 | Entered Level 1 of the Shoals
 37304 | Shoals:1 | Reached skill level 1 in Polearms
 38085 | Shoals:1 | Reached skill level 15 in Spellcasting
 38767 | Shoals:2 | Reached skill level 5 in Stealth
 38823 | Shoals:2 | Reached XP level 19. HP: 140/140 MP: 27/38
 39165 | Shoals:2 | Noticed Ilsuiw
 39194 | Shoals:2 | Killed Ilsuiw
 39199 | Shoals:2 | Reached skill level 5 in Polearms
 41472 | Shoals:4 | Entered Level 4 of the Shoals
 42249 | Shoals:4 | Got a barnacled rune of Zot
 42279 | Shoals:4 | Reached XP level 20. HP: 147/147 MP: 29/39
 42689 | Shoals:4 | Reached skill level 1 in Evocations
 43153 | D:4      | Bought an amulet of regeneration for 300 gold pieces
 43172 | D:4      | Killed Sigmund
 43333 | Spider:1 | Entered Level 1 of the Spider Nest
 43847 | Spider:1 | Reached skill level 15 in Earth Magic
 44933 | Spider:1 | Reached skill level 10 in Polearms
 45565 | Spider:2 | Reached skill level 5 in Evocations
 45795 | Spider:2 | Found a transporter.
 45804 | Spider:2 | Found a transporter.
 45808 | Spider:2 | Noticed Pesouf's ghost (adept MfHs)
 47252 | Spider:3 | Got Het Yniutzi's Information on Different Shadows
 47821 | Spider:3 | Reached XP level 21. HP: 153/153 MP: 29/40
 47925 | Spider:4 | Entered Level 4 of the Spider Nest
 48324 | Spider:4 | Reached skill level 15 in Transmutations
 50874 | Spider:4 | Got a gossamer rune of Zot
 51237 | Vaults:1 | Entered Level 1 of the Vaults
 51817 | Vaults:1 | Learned a level 4 spell: Anguish
 52913 | Vaults:1 | Reached XP level 22. HP: 165/165 MP: 24/41
 54091 | Vaults:2 | Reached skill level 10 in Evocations
 54556 | Vaults:2 | You fall into a shaft and drop 2 floors!
 54586 | Vaults:4 | Paralysed by a sphinx for 2 turns
 55293 | Vaults:4 | Found a portal to a secret trove of treasure.
 55443 | Vaults:4 | Found Gozag's Antique Weapon Emporium.
 55498 | Vaults:4 | Found an opulent altar of Gozag.
 55606 | Vaults:4 | Found Gozag's Antique Armour Shoppe.
 55610 | Vaults:4 | Found Gozag's Antique Armour Shoppe.
 55941 | Vaults:4 | Found Motetev's Book Emporium.
 56127 | Vaults:4 | Found the +0 pair of fencer's gloves {Riposte Dex+3}
 57004 | Vaults:3 | Reached XP level 23. HP: 176/176 MP: 32/42
 57170 | Vaults:3 | Paralysed by a formless jellyfish for 1 turns
 57292 | Vaults:3 | Found Gosmecam's General Store.
 57352 | Vaults:3 | Bought a scroll of teleportation for 39 gold pieces
 57352 | Vaults:3 | Bought a potion of curing for 39 gold pieces
 57352 | Vaults:3 | Bought a potion of brilliance for 52 gold pieces
 58729 | Vaults:3 | Found a staircase to the Crypt.
 59049 | Depths:1 | Entered Level 1 of the Depths
 59284 | Depths:1 | Found Xiunkaw's Jewellery Shoppe.
 59284 | Depths:1 | Found Viloalant's Book Boutique.
 59289 | Depths:1 | Found Dikitum's Book Boutique.
 59296 | Depths:1 | Bought a book of the Earth for 1050 gold pieces
 59309 | Depths:1 | Learned a level 5 spell: Irradiate
 59316 | Depths:1 | Learned a level 6 spell: Leda's Unmaking
 59634 | Depths:1 | Found a one-way gate to the infinite horrors of the Abyss.
 59655 | Depths:1 | Found a blossoming altar of Fedhas.
 59689 | Depths:1 | Found a one-way gateway to a ziggurat.
 59965 | Depths:1 | Found a hide-covered altar of Uskayaw.
 60056 | Depths:1 | Found a gateway to Hell.
 60472 | Depths:2 | You fall into a shaft and drop 1 floor!
 60472 | Depths:3 | Found a stormy altar of Qazlal.
 60561 | Depths:2 | Noticed a caustic shrike
 60573 | Depths:2 | Killed a caustic shrike
 61593 | Depths:2 | Noticed Mara
 61604 | Depths:2 | Noticed Strat's illusion
 61608 | Depths:2 | Killed Mara
 61609 | Depths:2 | Reached skill level 15 in Fighting
 61795 | Depths:2 | Found a one-way gate leading to the halls of Pandemonium.
 61856 | Depths:2 | Reached skill level 15 in Dodging
 61870 | Depths:2 | Reached XP level 24. HP: 177/188 MP: 11/42
 62089 | Depths:2 | Reached skill level 5 in Conjurations
 62675 | Depths:3 | Noticed Xtahua
 62682 | Depths:3 | Paralysed by Xtahua for 4 turns
 62689 | Depths:3 | Killed Xtahua
 62697 | Depths:3 | Noticed a golden dragon
 62706 | Depths:3 | Killed a golden dragon
 63058 | Depths:3 | Noticed a juggernaut
 63423 | Depths:3 | Killed a juggernaut
 63984 | Depths:3 | Identified the ring of Generosity {rElec SInv}
 63992 | Depths:3 | Identified the +7 dagger of Moijefa {heavy, rElec Str+6}
 64134 | Depths:3 | Noticed a juggernaut
 64262 | Depths:3 | Noticed a caustic shrike
 64277 | Depths:3 | Killed a caustic shrike
 64883 | Depths:3 | Killed a juggernaut
 64884 | Depths:3 | Reached skill level 15 in Evocations
 65019 | Depths:3 | Learned a level 5 spell: Yara's Violent Unravelling
 65296 | Depths:4 | Entered Level 4 of the Depths
 65296 | Depths:4 | Noticed a golden dragon
 65302 | Depths:4 | Killed a golden dragon
 65915 | Depths:4 | Reached skill level 10 in Conjurations
 66362 | Depths:4 | Noticed Margery
 66383 | Depths:4 | Killed Margery
 66386 | Depths:4 | Your ally Margery died
 66435 | Depths:4 | Reached XP level 25. HP: 194/194 MP: 7/42
 66910 | Depths:4 | Paralysed by a vampire knight for 2 turns
 67046 | Depths:4 | Found Big Baal Hell's Store.
 67106 | Depths:4 | Found a gate to the Realm of Zot.
 67111 | Depths:4 | Found entrance to Zot
 67196 | Depths:4 | Found a shadowy altar of Dithmenos.
 67405 | Depths:4 | Found an ancient bone altar of Kikubaaqudgha.
 67940 | Crypt:1  | Entered Level 1 of the Crypt
 67963 | Crypt:1  | Noticed Jory
 67976 | Crypt:1  | Killed Jory
 68696 | Crypt:3  | Entered Level 3 of the Crypt
 69003 | Crypt:3  | Reached skill level 10 in Stealth
 69224 | Crypt:3  | Reached skill level 1 in Hexes
 69919 | Crypt:3  | Found a basalt altar of Yredelemnul.
 70085 | Crypt:3  | Identified the ring of Gepsy {rPois rN+ Will+ rCorr}
 70085 | Crypt:3  | Identified the ring of the Nice God {rElec rC- rN+ Str+4
                  | Dex+3}
 70085 | Crypt:3  | Identified the ring of Beauty {rN+ Int+4}
 70371 | Crypt:3  | Reached skill level 5 in Hexes
 70481 | Crypt:3  | Found the amulet of Vitality {RegenMP++ Regen++}
 70502 | Crypt:3  | Identified the ring "Coruevupn" {rN++ Str+6}
 70730 | Crypt:3  | Got Gloorx Vloq's Lectures on the Mausoleum
 70962 | Crypt:3  | Noticed an ancient lich
 70981 | Crypt:3  | Killed an ancient lich
 71036 | Crypt:3  | Found a staircase to the Tomb.
 71109 | Crypt:3  | Found entrance to Tomb
 71309 | Vaults:5 | Entered Level 5 of the Vaults
 71314 | Vaults:5 | Reached XP level 26. HP: 201/201 MP: 26/42
 71998 | Vaults:5 | Noticed a dread lich
 72068 | Vaults:4 | Killed a dread lich
 72230 | Vaults:5 | Paralysed by an orc sorcerer for 4 turns
 73084 | Vaults:5 | Reached skill level 15 in Conjurations
 73409 | Vaults:5 | Got the Folio of the Gusty Pyromaniac
 73446 | Vaults:5 | Found the +3 pair of seven-league boots {Rampage+∞}
 73463 | Vaults:5 | Identified the +8 ring mail of Suoheo {rElec Str+3 SInv}
 73501 | Vaults:5 | Reached skill level 10 in Hexes
 73514 | Vaults:5 | Gained mutation: You are clumsy. (Dex -2) [mutagenic glow]
 73569 | Vaults:5 | Got the Essays on Creative Sparks
 73570 | Vaults:5 | Identified the +0 barding of Pathos {Str+3}
 73578 | Vaults:5 | Identified the +1 plate armour of the Five Wonders {rF++
                  | Int+3 Dex-3 SInv}
 73590 | Vaults:5 | Identified the +4 scimitar of Zira Rewiept {elec, rPois
                  | Int+4}
 73863 | Vaults:5 | Noticed an ancient lich
 74120 | Vaults:5 | Acquired 832 gold pieces
 74131 | Vaults:5 | Got a silver rune of Zot
 74240 | Vaults:5 | Paralysed by a floating eye for 4 turns
 74650 | Vaults:5 | Identified the +0 ring mail "Upereamo" {rN++ Str-5 Int+2}
 75171 | Zot:1    | Entered Level 1 of the Realm of Zot
 75361 | Zot:2    | Noticed Grunn
 75428 | Zot:2    | Noticed a Killer Klown
 75455 | Zot:2    | Killed a Killer Klown
 75456 | Zot:2    | Reached XP level 27. HP: 207/207 MP: 38/42
 75935 | Zot:2    | Gained mutation: You have a pair of small horns on your
                  | head. [mutagenic glow]
 76118 | Zot:2    | Killed Grunn
 76451 | Zot:3    | Noticed a Killer Klown
 76471 | Zot:3    | Killed a Killer Klown
 76487 | Zot:3    | Noticed an orb of fire
 76494 | Zot:4    | Noticed an orb of fire
 76500 | Zot:4    | Gained mutation: Your spells are a little easier to cast,
                  | but a little less powerful. [an orb of fire]
 76502 | Zot:4    | Gained mutation: Armour fits poorly on your strangely
                  | shaped body. [an orb of fire]
 76528 | Zot:4    | Gained mutation: You have hidden genetic defects. [an orb
                  | of fire]
 76533 | Zot:4    | Killed from afar by an orb of fire

Illustrated notes

##...'<.~###~..^....
....##..~≈≈~~.......
##.#................
####.#.#.(###'###.....
#.........# #.# #..... #
#..#####..###.# #.....
#.#.##...##.[...###.....
#...#.....#.###...'.....
###.'..@..#.# #)###.....
#.#.....#.# #)# ###...
#.##...##)# #)####§...
#..#####..# #[##≈≈≈...
#....)....###)##≈.....
........#####...#)[.).#≈≈.⌠.⌠.
........#####)###)###.##≈..∩..
........##.......)...###≈.⌠.⌠.
........##.)..###[####§§§.....


Turn 67111 on Depths:4: Found entrance to Zot #### ##.(# #...# )...#
############## ##'####### #..................... #......⌠# #....................
#.......# #.................... #.......# #............. ..... #.......#
#....8........ .... #.......# #............. ..# ###'##### #......####### #.#
#.# ##......# #.# #.# ........# #.# ####.# .........# #.# .....# .........# #.#
####.# .........# #.# #.# ........# #.# Turn 71109 on Crypt:3: Found entrance to
Tomb

Levels and vault maps discovered:
D:1:      kennysheep_arrival_forest, layout_rooms
D:2:      layout_basic, nicolae_ecumenical_oubliette, uniq_natasha
D:3:      layout_loops_cross, chequers_serial_rivers_micro_c, amethyst_killhole
D:4:      layout_cave_pools, serial_shops, nicolae_shop_hallway_plus,
          uniq_sigmund
D:5:      layout_loops_ring, zin_scriptorium, amcnicky_altar_gilded,
          nicolae_overflow_hidden_temple, minmay_temple_entry_enclosed_plants
D:6:      layout_basic, nicolae_shop_unique_rings, uniq_blork_the_orc
D:7:      layout_basic, uniq_joseph
D:8:      lemuel_ice_statue, layout_basic, mainiacjoe_overflow_boulevard
D:9:      kennysheep_kobold_camp, layout_irregular_city, erik_lair_island,
          serial_shops, shop
D:10:     layout_irregular_city
D:11:     gammafunk_mikee_crab_dinner, layout_long_grid, orc_0_dummy,
          serial_shops, shop_fountains, hangedman_incinerator
D:12:     layout_rooms, hangedman_tell_no_tales
D:13:     gammafunk_dig_for_victory, layout_basic,
          skrybe_vaults_entry_preservation, serial_undead, serial_undead_c,
          serial_undead_d, serial_undead_e, serial_undead_c,
          biasface_ghost_orc_armoury, minivault_7, uniq_rupert
D:14:     hangedman_cross_cluster, layout_stronghold, uniq_louise
D:15:     hangedman_spin_cycle
Temple:   minmay_temple_bridge_d
Lair:1:   layout_misc_corridors, nicolae_lair_run_with_the_wolves, uniq_sonja
Lair:2:   layout_chaotic_city
Lair:3:   layout_roguey, minmay_shoals_entry_hut, spider_nest_entry_funnel_web,
          infiniplex_staircase_pool
Lair:4:   layout_misc_corridors, slime_entry_2, uniq_urug
Lair:5:   grunt_lair_end_beastmaster, layout_cave_pods, minivault_25,
          serial_bayou_shore_a
Shoals:1: layout_shoals
Shoals:2: cheibrodos_shoals_roost, layout_shoals, uniq_ilsuiw
Shoals:3: layout_shoals
Shoals:4: shoals_end_grunt_ice, layout_shoals, nicolae_shoals_water_shrine
Spider:1: layout_cave_pods, nicolae_spider_jagged_tunnels
Spider:2: layout_spider_delve, gammafunk_ghost_berserking_beasts
Spider:3: layout_cave_pods, hellmonk_test_site
Spider:4: grunt_spider_rune_parallel, nicolae_spider_swamp_cousins
Orc:1:    layout_diamond_mine, chequers_guarded_unrand_ignorance
Orc:2:    pubby_orc_utopia
Vaults:1: nicolae_vaults_alarming, v_misc_16, nicolae_vaults_closet_pinwheel_4,
          nicolae_vaults_quartermaster, nicolae_vaults_diagonal_hallway_7,
          ontoclasm_vaults_ring_square, vaults_room_grunt_arrival_ludios,
          v_misc_17, nicolae_vaults_mini_display_case, v_misc_14,
          nicolae_vaults_sesquioval_fish, nicolae_vaults_border_crossing,
          layout_vaults_big_room
Vaults:2: vaults_room_stairs_pillars, st_cross,
          nicolae_vaults_closet_pinwheel_4, v_pattern_1,
          nicolae_vaults_specimen_jars, vaults_standard_mumra_x,
          vaults_dpeg_diagonal, layout_vaults_omnigrid
Vaults:3: portal_desolation_entry_nicolae_slug, st_cells,
          nicolae_vaults_network_star, grunt_vaults_focal, v_alt_pattern_3,
          grunt_vaults_funnel, nicolae_vaults_tetromino_T_1,
          hangedman_vaults_maws, ontoclasm_vaults_shuriken, v_misc_2,
          minmay_crypt_entry_simple_sparse, layout_vaults_omnicross,
          serial_shops, nicolae_shop_crystal
Vaults:4: nicolae_vaults_closet_pinwheel_6, kennysheep_vaults_gozag_temple,
          ontoclasm_vaults_ring_small, nicolae_vaults_wine_cellar,
          nicolae_vaults_hexular_roomagon, vaults_mumra_hex, v_misc_5,
          nicolae_vaults_network_quinsquares
          [nicolae_vaults_network_quincunx_subvault,
          nicolae_vaults_network_quincunx_subvault,
          nicolae_vaults_network_quincunx_subvault,
          nicolae_vaults_network_quincunx_subvault], v_alt_pattern_4,
          nicolae_vaults_two_Ls, grunt_vaults_twisty, vaults_mumra_chevron_long,
          vaults_room_fancy_cross, layout_vaults_omnibox, serial_shops,
          nicolae_square_shop, nicolae_trove_entry_isolated
Vaults:5
Crypt:1:  layout_misc_corridors, uniq_jory
Crypt:2:  layout_misc_corridors, st_stairs_3, roderic_lattice_octagonal_star,
          lemuel_upstairs_altar
Crypt:3:  church_of_pain_bobbens, layout_chaotic_city
Depths:1: layout_gridlike, enter_ziggurat_a, fedhas_altar_1, grunt_metal_band,
          abyss_entry, nicolae_uskayaw_suspiria, minmay_shop_grove
Depths:2: minmay_dotted_concentric_squares, layout_long_grid,
          pf_vacation_house_of_asmodeus, minmay_misc_feat_five,
          rand_demon_pan_entry_5, uniq_mara
Depths:3: minmay_four_inscribed_fans, layout_basic,
          nicolae_qazlal_style_of_elements,
          nicolae_abyss_entry_one_way_or_another, hell_entry, uniq_xtahua
Depths:4: evilmike_zot_entry_basic, layout_gridlike, abyss_entry,
          nicolae_hell_entry_big_baal_hell, nicolae_dithmenos_the_darkroom,
          nicolae_kikubaaqudgha_miasma_corner, uniq_margery
Zot:1:    nicolae_zot_stationary_front, layout_twisted_circle
Zot:2:    layout_concentric_octagons, lemuel_flame_loot_1, uniq_grunn
Zot:3:    layout_misc_corridors, zot_minivault_8
Zot:4:    layout_onion_interference, lemuel_baited_zot_trap,
          hangedman_spider_trapstep

Skill      XL: |  1  2  3  4  5  6  7  8  9 10 11 12 13 14 15 16 17 18 19 20 21 22 23 24 25 26 27 |
---------------+----------------------------------------------------------------------------------+-----
Earth Magic    | 4 5 6 7 8 9 10 11 12 13 14 15 | 15.0
Conjurations   | 1 3 4 10 13 15 | 15.0
Spellcasting   | 4 5 6 8 10 11 12 13 14 15 | 15.0
Fighting       | 1 4 5 7 8 9 10 11 13 15 | 15.0
Necromancy     | 1 4 7 9 11 13 14 15 | 15.0
Transmutations | 2 4 6 8 9 11 13 14 15 | 15.0
Dodging        | 5 6 8 10 11 13 15 | 15.0
Polearms       | 4 8 10 12 | 12.0
Stealth        | 5 6 7 10 12 | 12.4
Evocations     | 6 9 11 13 15 | 15.0
Hexes          | 6 13 14 | 14.2

Action                     |  1- 3 |  4- 6 |  7- 9 | 10-12 | 13-15 | 16-18 | 19-21 | 22-24 | 25-27 || total
---------------------------+-------+-------+-------+-------+-------+-------+-------+-------+-------++-------
  Melee: Dagger            |     9 |       |       |       |       |       |       |       |       ||     9
         Whip              |       |    20 |       |       |       |       |       |       |       ||    20
         Short sword       |       |       |     6 |    26 |       |       |       |       |       ||    32
         Spear             |       |       |       |    59 |   821 |   415 |  1325 |  1243 |  1608 ||  5471
         Punch             |       |       |       |       |    12 |     4 |     7 |       |       ||    23
         Headbutt          |       |       |       |       |       |       |       |       |    46 ||    46
   Cast: Sandblast         |    57 |    66 |    34 |    25 |     2 |       |       |       |       ||   184
         Stone Arrow       |       |     1 |    83 |   132 |    10 |    20 |     3 |       |       ||   249
         Animate Dead      |       |       |     1 |    21 |    17 |    13 |    29 |    17 |     4 ||   102
         Necrotise         |       |       |       |     6 |       |       |       |       |       ||     6
         Agony             |       |       |       |     2 |       |       |       |       |       ||     2
         Petrify           |       |       |       |     1 |     1 |       |     1 |       |       ||     3
         Borgnjor's Vile C |       |       |       |    27 |   271 |   280 |   322 |   285 |   211 ||  1396
         Statue Form       |       |       |       |       |       |    11 |   147 |   124 |   104 ||   386
         Anguish           |       |       |       |       |       |       |     4 |    38 |     3 ||    45
         Leda's Unmaking   |       |       |       |       |       |       |       |    28 |    13 ||    41
         Irradiate         |       |       |       |       |       |       |       |    34 |    77 ||   111
         Yara's Violent Un |       |       |       |       |       |       |       |       |     9 ||     9
  Evoke: Wand              |       |       |       |     4 |     6 |     1 |     3 |     3 |     8 ||    25
    Use: Scroll            |       |       |    13 |     5 |    11 |     9 |     3 |     9 |    11 ||    61
         Potion            |       |       |       |     3 |     4 |     9 |     4 |     6 |    23 ||    49
   Stab: Distracted        |       |       |       |     1 |     3 |     4 |     8 |     7 |     5 ||    28
         Petrified         |       |       |       |       |     2 |       |       |       |       ||     2
         Sleeping          |       |       |       |       |     5 |       |     1 |     2 |    10 ||    18
         Invisible         |       |       |       |       |       |     2 |     2 |       |       ||     4
 Armour: Robe              |     5 |    10 |    11 |    52 |   261 |   134 |    20 |    41 |    37 ||   571
         Skin              |       |       |       |       |       |    90 |   830 |   539 |   835 ||  2294
  Dodge: Dodged            |    17 |    52 |    48 |   199 |   946 |   665 |  1878 |  1138 |  1512 ||  6455
  Block: Buckler           |       |       |       |       |       |       |   406 |   373 |   515 ||  1294

Table legend: (Time is in decaauts)
 A = Elapsed time spent in this place.
 B = Non-inter-level travel time spent in this place.
 C = Inter-level travel time spent in this place.
 D = Time resting spent in this place.
 E = Time spent auto-exploring this place.
 F = Levels seen in this place.
 G = Mean time per level.
                   A        B        C        D        E       F      G
               +--------+--------+--------+--------+--------+-----+--------+
         Total |  86304 |  81908 |   4396 |  22462 |  35359 |  47 | 1836.3 |
       Dungeon |  26143 |  23941 |   2202 |   8133 |   9909 |  15 | 1742.9 |
        Temple |    373 |    226 |    147 |      0 |    214 |   1 |  373.0 |
          Lair |   7605 |   7214 |    391 |   1681 |   3839 |   5 | 1521.0 |
        Shoals |   7706 |   7428 |    278 |   1954 |   3032 |   4 | 1926.5 |
   Spider Nest |   9920 |   9569 |    351 |   1823 |   5047 |   4 | 2480.0 |
  Orcish Mines |   4085 |   3983 |    102 |   1323 |   1340 |   2 | 2042.5 |
        Vaults |  14365 |  13858 |    507 |   3219 |   6460 |   5 | 2873.0 |
         Crypt |   3808 |   3732 |     76 |    789 |   1090 |   3 | 1269.3 |
        Depths |  10541 |  10202 |    339 |   3083 |   4387 |   4 | 2635.2 |
           Zot |   1752 |   1752 |      0 |    455 |     39 |   4 |  438.0 |
               +--------+--------+--------+--------+--------+-----+--------+

Top non-repeatable levels by time:
Vaults:4: 5203 daAuts
Spider:4: 3972 daAuts
Depths:3: 3355 daAuts
   Orc:2: 3309 daAuts
    D:15: 3109 daAuts
    D:14: 2997 daAuts
 Crypt:3: 2932 daAuts
Vaults:3: 2869 daAuts
Depths:4: 2801 daAuts
    D:13: 2691 daAuts
Spider:1: 2453 daAuts
Vaults:1: 2443 daAuts
Spider:3: 2280 daAuts
Shoals:2: 2280 daAuts
Depths:2: 2207 daAuts
